 Dungeon Crawl Stone Soup version 0.27.0-1-g7a089689b8 (webtiles) character file.

Game seed: 9931392166495204932

179 Spectrina the Magician (level 5, -1/35 HPs)
             Began as a Djinni Necromancer on Aug 18, 2021.
             Slain by a hound skeleton (3 damage)
             ... on level 4 of the Dungeon.
             The game lasted 00:10:55 (1268 turns).

Spectrina the Magician (Djinni Necromancer)         Turns: 1268, Time: 00:10:56

Health: -1/35      AC:  2    Str:  7    XL:     5   Next: 90%
Gold:   112        EV: 12    Int: 17    God:
                   SH:  0    Dex: 14

rFire    + + .     SeeInvis .   m - +0 hunting sling
rCold    x . .     Faith    .   (no shield)
rNeg     . . .     Spirit   .   a - +0 robe
rPois    ∞         Reflect  .   (no helmet)
rElec    .         Harm     .   (no cloak)
rCorr    .         Rampage  .   (no gloves)
Will     .....                  (boots unavailable)
Stlth    ++........             (no amulet)
HPRegen  0.11/turn              (no ring)
MPRegen  0.00/turn              (no ring)

@: flying
A: sickness immunity, fire resistance 2, cold vulnerability 1, float, innate
caster, hp casting, extra vitality 1
a: no special abilities


You were on level 4 of the Dungeon.
You visited 1 branch of the dungeon, and saw 4 of its levels.

You collected 112 gold pieces.

Inventory:

Hand Weapons
 c - a +2 dagger of speed
 m - a +0 hunting sling (weapon)
Missiles
 d - 15 sling bullets (quivered ammo)
 h - 74 stones
 i - 9 bolts
 j - 51 arrows
Armour
 a - a +0 robe (worn)
Scrolls
 b - a scroll of enchant weapon {unknown}
 e - a scroll of amnesia {unknown}
 f - a scroll of blinking {unknown}
 g - 2 scrolls of identify {unknown}
 l - a scroll of teleportation {unknown}
 n - a scroll of brand weapon {unknown}
Potions
 k - a potion of flight {unknown}


   Skills:
 - Level 2.1 Dodging
 - Level 1.5 Stealth
 + Level 5.2 Spellcasting


You couldn't memorise any spells.
You knew the following spells:

 Your Spells              Type           Power      Damage    Failure   Level
a - Sting                 Tmut/Pois      88%        1d7       1%          1
e - Agony                 Necr           22%        N/A       41%         5
f - Searing Ray           Conj           44%        3d4       2%          2
i - Animate Dead          Necr           11%        N/A       16%         4
l - Vampiric Draining     Necr           11%        2d7       4%          3
p - Animate Skeleton      Necr           44%        N/A       1%          1
q - Pain                  Necr           88%        1d8       1%          1
Your spell library was empty.

Dungeon Overview and Level Annotations

Branches:
Dungeon (4/15)
 Temple: D:4-7

Altars:


Innate Abilities, Weirdness & Mutations

You are immune to sickness and miasma.
You are immune to poison.
Your flesh is very heat resistant. (rF++)
You are vulnerable to cold. (rC-)
You float through the air rather than walking.
You learn spells naturally, not from books.
Your magical power is your life essence.
You have superior vitality. (+4 HP)


Message History

Casting: Searing Ray (safe; 2% risk of failure)
Confirm with . or Enter, or press ? or * to list all spells.
Aiming: Searing Ray (safe; 2% risk of failure)
Press: ? - help, Shift-Dir - straight line, f/p - hound
Aim: a hound (69% to hit)
The searing ray hits the hound.
The hound is lightly wounded. (Press . to maintain the ray.)
* * * LOW HITPOINT WARNING * * *
A hobgoblin comes into view.
The searing ray hits the hound skeleton!
The hound skeleton is moderately damaged.
The searing ray hits the hound.
The hound is heavily wounded.
* * * LOW HITPOINT WARNING * * *
The hobgoblin shouts!
Unknown command.
The searing ray misses the hound.
* * * LOW HITPOINT WARNING * * *
The hound closely misses you. The hound skeleton barely misses you.
Unknown command.
The searing ray hits the hound.
The hound is almost dead.
* * * LOW HITPOINT WARNING * * *
You finish channeling your searing ray.
The hound bites you.
* * * LOW HITPOINT WARNING * * *
The hound skeleton closely misses you. The hound misses you.
Unknown command.
Casting: Searing Ray (safe; 2% risk of failure)
Confirm with . or Enter, or press ? or * to list all spells.
Aiming: Sting (safe; 1% risk of failure)
Press: ? - help, Shift-Dir - straight line, f/p - hound
Aim: a hound (almost dead, 67% to hit)
The sting hits the hound.
The hound is poisoned.
You kill the hound!
* * * LOW HITPOINT WARNING * * *
Your magical contamination has completely faded away.
Unknown command.
The hound skeleton bites you.
You die...

... .......# .. ...
#......##.. ....
###.<....#... ....
#........... ..... # ##...#
... .......#.##...g##.#
#.##...#
..................#
......### ...$
##.##.>....Z## ........##
.... ###....@## #........##
... #..##.).## #.........#
. ##.......###........#
.#........#.........##
........................
...............)........
........................
..###.....................
...........................


You could see a hobgoblin and a hound skeleton.

Vanquished Creatures
  An ogre (D:4)
  A hound (D:4)
  An adder (D:2)
  3 dart slugs
  3 ball pythons
  3 bats
  5 endoplasms
  3 giant cockroaches
  5 goblins
  2 hobgoblins
  5 jackals (D:1)
  2 quokkas
  A frilled lizard (D:2)
  4 kobolds
  3 rats
42 creatures vanquished.

Notes
Turn   | Place    | Note
-------+----------+-------------------------------------------
     0 | D:1      | Spectrina the Djinni Necromancer began the quest for the
                  | Orb.
     0 | D:1      | Reached XP level 1. HP: 15/15 MP: 0/0
    88 | D:2      | Reached XP level 2. HP: 3/21 MP: 0/0
   448 | D:3      | Reached XP level 3. HP: 2/25 MP: 0/0
   448 | D:3      | Learned a level 1 spell: Sting
   490 | D:2      | HP: 1/25 [worm (4)]
   627 | D:1      | Reached skill level 4 in Spellcasting
   920 | D:3      | Reached XP level 4. HP: 4/31 MP: 0/0
   947 | D:4      | Noticed a phantom
  1235 | D:4      | Noticed an ogre
  1245 | D:4      | Killed an ogre
  1246 | D:4      | Reached skill level 5 in Spellcasting
  1246 | D:4      | Reached XP level 5. HP: 13/35 MP: 0/0
  1246 | D:4      | Learned a level 2 spell: Searing Ray
  1268 | D:4      | Slain by a hound skeleton

Illustrated notes

Levels and vault maps discovered:
D:1:      amcnicky_arrival_choice, layout_basic
D:2:      layout_basic, minmay_puff
D:3:      layout_basic, serial_co_window_serial, co_window_of_opportunity_a,
          co_window_paths_b, co_window_corner_a, co_window_paths_b,
          co_window_paths_a, co_window_corner_cb, co_window_unsneaky_path_b,
          co_window_of_opportunity_b, glass_columns_b, glass_columns_b,
          glass_columns_b
D:4:      layout_cave_pools, makhleb_blood_cavern_becter,
          grunt_temple_overflow_open, chequers_jeans, hex_medium

Skill      XL: |  1  2  3  4 |
---------------+-------------+-----
Spellcasting   | 4 5 |  5.2
Dodging        | |  2.1
Stealth        | |  1.5

Action                   |  1- 3 |  4- 6 || total
-------------------------+-------+-------++-------
Melee: Dagger            |    13 |       ||    13
 Fire: Hunting sling     |       |    19 ||    19
Throw: Stone             |     5 |       ||     5
 Cast: Pain              |    21 |       ||    21
       Sting             |    13 |     7 ||    20
       Vampiric Draining |     7 |     3 ||    10
       Searing Ray       |       |     1 ||     1
  Use: Potion            |     2 |       ||     2
 Stab: Sleeping          |     6 |       ||     6
Armor: Robe              |     3 |       ||     3
Dodge: Dodged            |     3 |     6 ||     9
